 Dungeon Crawl Stone Soup version 0.28-a0-1435-g82390b3a13 (webtiles) character file.

Game seed: 14884487170267543518

192 hashsling the Digger (level 5, -9/31 HPs)
             Began as a Gargoyle Earth Elementalist on Jan 9, 2022.
             Was a Follower of Vehumet.
             Mangled by an orc warrior (11 damage)
             ... on level 5 of the Dungeon.
             The game lasted 00:19:12 (3954 turns).

hashsling the Digger (Gargoyle Earth Elementalist)  Turns: 3954, Time: 00:19:13

Health: -9/31      AC:  8    Str: 14    XL:     5   Next: 71%
Magic:  4/8        EV: 11    Int: 15    God:    Vehumet [*.....]
Gold:   127        SH:  8    Dex: 10    Spells: 2/8 levels left

rFire   . . .      SeeInvis .   g - +0 club
rCold   . . .      Faith    .   x - +0 buckler
rNeg    + . .      Spirit   .   f - +0 leather armour
rPois   ∞          Reflect  +   (no helmet)
rElec   +          Harm     .   (no cloak)
rCorr   .          Rampage  .   v - +0 pair of gloves
Will    .....                   (no boots)
Stlth   ++........              w - amulet of reflection
HPRegen 0.10/turn               (no ring)
MPRegen 0.11/turn               (no ring)

@: no status effects
A: sickness immunity, AC +4, negative energy resistance 1, electricity
resistance, torment resistance 1, petrification resistance
a: Renounce Religion


You were on level 5 of the Dungeon.
You worshipped Vehumet.
Vehumet was aware of your devotion.
You visited 1 branch of the dungeon, and saw 5 of its levels.

You collected 127 gold pieces.

Inventory:

Hand Weapons
 g - a +0 club (weapon)
 s - a +0 whip
Missiles
 c - 42 stones
 h - 55 sling bullets
 m - 7 poisoned darts (quivered)
 o - 6 javelins
Armour
 b - a +0 robe
 d - a +0 kite shield
 f - a +0 leather armour (worn)
 v - a +0 pair of gloves (worn)
 x - a +0 buckler (worn)
Jewellery
 w - an amulet of reflection (around neck)
Wands
 q - a wand of flame (26)
 u - a wand of paralysis (14)
Scrolls
 a - a scroll of noise {unknown}
 i - a scroll of torment {unknown}
 k - a scroll of teleportation {unknown}
 p - a scroll of identify {unknown}
 r - 2 scrolls of blinking {unknown}
 y - a scroll of fog {unknown}
Potions
 e - 2 potions of heal wounds {unknown}
 j - 4 potions of brilliance {unknown}
 l - a potion of flight {unknown}
 n - 3 potions of curing {unknown}
 t - a potion of mutation {unknown}


   Skills:
 + Level 2.7 Fighting
 + Level 2.3 Maces & Flails
 - Level 1.0 Armour
 + Level 2.6 Dodging
 - Level 2.1 Stealth
 + Level 1.1 Shields
 - Level 2.0 Spellcasting
 - Level 0.7 Transmutations
 + Level 4.3 Earth Magic


You had 2 spell levels left.
You knew the following spells:

 Your Spells              Type           Power      Damage    Failure   Level
a - Sandblast             Erth           28%        2d8       6%          1
b - Passwall              Tmut/Erth      7%         N/A       21%         2
c - Stone Arrow           Conj/Erth      16%        3d8       41%         3

Your spell library contained the following spells:

 Spells                   Type           Power      Damage    Failure   Level
 Freeze                   Ice            4%         1d3       36%         1
 Summon Small Mammal      Summ           4%         N/A       36%         1
 Blink                    Tloc           2%         N/A       50%         2
 Call Canine Familiar     Summ           1%         N/A       73%         3
 Summon Guardian Golem    Hex/Summ       1%         N/A       73%         3
 Petrify                  Tmut/Erth      9%         N/A       78%         4
 Manifold Assault         Tloc           1%         N/A       100%        5
 Storm Form               Tmut/Air       1%         N/A       100%        7


Dungeon Overview and Level Annotations

Branches:
Dungeon (5/15)             Temple (0/1) D:4

Altars:
Fedhas
Gozag
Okawaru
Ru
Uskayaw
Vehumet
Yredelemnul
Zin

Shops:
D:1 ?   D:4 :


Innate Abilities, Weirdness & Mutations

You are immune to sickness and miasma.
Your stone body is resilient. (AC +4)
You are immune to poison.
You resist negative energy. (rN+)
You are resistant to electric shocks. (rElec)
You are resistant to unholy torment.
You are immune to petrification.


Message History

Casting: Sandblast (safe; 6% risk of failure)
Confirm with . or Enter, or press ? or * to list all spells.
Aiming: Sandblast (safe; 6% risk of failure)
Press: ? - help, Shift-Dir - straight line, f - orc wizard, p - orc warrior
Aim: an orc wizard, wielding a +0 dagger and wearing a +0 robe (74% to hit)
The blast of sand hits the orc warrior but does no damage.
The orc warrior is moderately wounded.
c - 44 stones The orc warrior barely misses you.
Casting: Sandblast (safe; 6% risk of failure)
Confirm with . or Enter, or press ? or * to list all spells.
Aiming: Sandblast (safe; 6% risk of failure)
Press: ? - help, Shift-Dir - straight line, f/p - orc wizard
Aim: an orc wizard, wielding a +0 dagger and wearing a +0 robe (74% to hit)
The blast of sand hits the orc warrior but does no damage.
The orc warrior is moderately wounded.
c - 43 stones An orc comes into view. It is wielding a +0 short sword.
The orc warrior hits you with a +0 broad axe!
* * * LOW HITPOINT WARNING * * *
Casting: Sandblast (safe; 6% risk of failure)
Confirm with . or Enter, or press ? or * to list all spells.
Aiming: Sandblast (safe; 6% risk of failure)
Press: ? - help, Shift-Dir - straight line, f/p - orc wizard
Aim: an orc wizard, wielding a +0 dagger and wearing a +0 robe (74% to hit)
The blast of sand hits the orc warrior but does no damage.
The orc warrior is heavily wounded.
c - 42 stones The orc warrior hits you with a +0 broad axe!
* * * LOW HITPOINT WARNING * * *
There is an open door here.
A scorpion zombie comes into view.
The orc warrior looks more healthy.
The scorpion zombie moves out of view.
There is an open door here.
The orc wizard gestures wildly while chanting.
The orc wizard flickers and vanishes!
Deactivating autopickup; reactivate with Ctrl-A.
You block the scorpion zombie's attack.
The orc warrior hits you with a +0 broad axe!
You die...

...#### ....
#......####.....
#.............
#...........#
#..........#
#..<.....#
#........#
##.......###
###†>@.....##
#####....oZ......
.................
.........o...##..
..#####....### #
# #......##
#.##..o#
+##'###.o#
#.....#..#


You could see an orc warrior, 3 orcs and a scorpion zombie.

Vanquished Creatures
  A howler monkey (D:5)
  2 hounds
  A hound skeleton (D:5)
  3 adders
  A worm (D:2)
  An orc (D:3)
  7 endoplasms
  4 giant cockroaches
  5 goblins
  8 hobgoblins
  7 kobolds
  2 quokkas
  2 ball pythons (D:3)
  2 bats
  3 frilled lizards
  6 rats
55 creatures vanquished.

Notes
Turn   | Place    | Note
-------+----------+-------------------------------------------
     0 | D:1      | hashsling the Gargoyle Earth Elementalist began the quest
                  | for the Orb.
     0 | D:1      | Reached XP level 1. HP: 10/10 MP: 3/3
    14 | D:1      | Found Ocexov's Magic Scroll Boutique.
   297 | D:1      | Reached XP level 2. HP: 16/16 MP: 3/5
   542 | D:1      | Reached skill level 1 in Fighting
   689 | D:1      | Reached skill level 1 in Maces & Flails
   811 | D:1      | Found a faded altar of an unknown god.
   819 | D:1      | Prayed at the altar of an unknown god.
   819 | D:1      | Became a worshipper of Vehumet
   819 | D:1      | Reached * piety under Vehumet
   819 | D:1      | Offered knowledge of Freeze by Vehumet.
   830 | D:1      | Learned a level 2 spell: Passwall
   934 | D:2      | Reached XP level 3. HP: 16/20 MP: 3/6
  1725 | D:2      | Found a blossoming altar of Fedhas.
  2024 | D:2      | You fall into a shaft and drop 1 floor!
  2182 | D:3      | Found a basalt altar of Yredelemnul.
  2201 | D:3      | Reached skill level 1 in Armour
  2201 | D:3      | Reached XP level 4. HP: 18/26 MP: 5/7
  2213 | D:3      | Learned a level 3 spell: Stone Arrow
  2678 | D:3      | Found a glowing silver altar of Zin.
  2682 | D:3      | Found a sacrificial altar of Ru.
  2682 | D:3      | Found an opulent altar of Gozag.
  2683 | D:3      | Found a hide-covered altar of Uskayaw.
  2981 | D:3      | Reached skill level 4 in Earth Magic
  3354 | D:4      | Found a staircase to the Ecumenical Temple.
  3432 | D:4      | Found an iron altar of Okawaru.
  3449 | D:4      | Reached XP level 5. HP: 31/31 MP: 6/8
  3624 | D:4      | Found Benegoc's Book Boutique.
  3857 | D:5      | Entered Level 5 of the Dungeon
  3862 | D:5      | Reached skill level 1 in Shields
  3918 | D:5      | Found a radiant altar of Vehumet.
  3926 | D:5      | Noticed an orc warrior
  3939 | D:5      | HP: 1/31 [orc warrior (8)]
  3954 | D:5      | Mangled by an orc warrior

Illustrated notes

Levels and vault maps discovered:
D:1:      dpeg_arrival_arbitrary_c, layout_rooms,
          ebering_ecumenical_altar_sacrificial, serial_shops,
          nicolae_shop_advertising_works [nicolae_subvault_shop_adworks],
          nicolae_figureground_pulse
D:2:      layout_basic, basic_altar, kennysheep_generic_room_11
D:3:      minmay_spotlight, layout_loops_ring, grunt_temple_overflow_open,
          old_standard_altar
D:4:      layout_basic, okawaru_metal_pillars_3, minmay_temple_entry_slanted,
          serial_shops, nicolae_shop_hallway_plus
D:5:      layout_layer_cave, mainiacjoe_overflow_24_doors,
          general_overflow_altar, minmay_manual_monstrance

Skill      XL: |  1  2  3  4  5 |
---------------+----------------+-----
Fighting       | 1 2 |  2.7
Maces & Flails | 1 2 |  2.3
Dodging        | 2 |  2.6
Armour         | 1 |  1.0
Earth Magic    | 4 |  4.3
Shields        | 1 |  1.1
Stealth        | |  2.1
Spellcasting   | |  2.0
Transmutations | |  0.7

Action                   |  1- 3 |  4- 6 || total
-------------------------+-------+-------++-------
Melee: Club              |    63 |   102 ||   165
       Punch             |       |     4 ||     4
Throw: Dart              |    11 |    13 ||    24
 Cast: Sandblast         |    26 |    19 ||    45
Armor: Leather armour    |    19 |    48 ||    67
Dodge: Dodged            |    35 |    68 ||   103
Block: Buckler           |       |     9 ||     9

Table legend: (Time is in decaauts)
 A = Elapsed time spent in this place.
 B = Non-inter-level travel time spent in this place.
 C = Inter-level travel time spent in this place.
 D = Time resting spent in this place.
 E = Time spent auto-exploring this place.
 F = Levels seen in this place.
 G = Mean time per level.
                   A        B        C        D        E       F      G
               +--------+--------+--------+--------+--------+-----+--------+
         Total |   3990 |   3958 |     32 |      0 |   3166 |   5 |  798.0 |
       Dungeon |   3990 |   3958 |     32 |      0 |   3166 |   5 |  798.0 |
               +--------+--------+--------+--------+--------+-----+--------+

Top non-repeatable levels by time:
     D:3: 1295 daAuts
     D:2: 1111 daAuts
     D:1: 923 daAuts
     D:4: 562 daAuts
     D:5: 98 daAuts
